 Dungeon Crawl Stone Soup version 0.31.0-12-g77e489cdc1 (webtiles) character file.

Game seed: 4708887927692802211

212 spaghetti the Grave Robber (level 5, -6/40 HPs)
             Began as an Oni Necromancer on Feb 22, 2024.
             Was an Initiate of Hepliaklqana.
             Mangled by Pikel
             ... wielding a +0 whip of electrocution
              (8 damage)
             ... on level 4 of the Dungeon.
             The game lasted 00:06:14 (3722 turns).

spaghetti the Grave Robber (Oni Necromancer)        Turns: 3722, Time: 00:06:14

Health: -6/40      AC:  2    Str: 12    XL:     5   Next: 90%
Magic:  21/21      EV:  9    Int: 18    God:    Hepliaklqana [......]
Gold:   202        SH:  0    Dex:  9    Spells: 8/13 levels left

rFire   + . .        h - +1 whip (elec)
rCold   + . .        (no shield)
rNeg    + . .        a - +0 robe
rPois   +            (helmet restricted)
rElec   +            (no cloak)
rCorr   +            (gloves unavailable)
SInv    .            (boots unavailable)
Will    .....        (no amulet)
Stlth   +            d - ring of positive energy
HPRegen 0.26/turn    e - ring of magical power
MPRegen 0.17/turn

%: no passive effects
@: resistant
A: large, unfitting armour, horns 1, tough skin 1, double potion healing,
drunken brawling, deformed body, frail 1, inability to drink after injury 1,
noise suppression, devolution 1
a: Renounce Religion


You were on level 4 of the Dungeon.
You worshipped Hepliaklqana.
Hepliaklqana was noncommittal.
You visited 2 branches of the dungeon, and saw 5 of its levels.

You collected 202 gold pieces.

Inventory:

Hand Weapons
 h - a +1 whip of electrocution (weapon)
Armour
 a - a +0 robe (worn)
Jewellery
 d - a ring of positive energy (left hand)
 e - a ring of magical power (right hand)
 k - a ring of fire
Scrolls
 c - 2 scrolls of identify
 j - a scroll of revelation
 l - a scroll of enchant weapon
 m - a scroll of silence
Potions
 b - a potion of magic
 g - a potion of curing


   Skills:
 - Level 1.7 Dodging
 - Level 1.4 Stealth
 + Level 4.9 Spellcasting
 + Level 5.1 Necromancy


You had 8 spell levels left.
You knew the following spells:

 Your Spells              Type           Power      Damage    Failure   Level
a - Necrotise             Necr           92%        1d8       1%          1
b - Animate Dead          Necr           23%        N/A       16%         4

Your spell library contained the following spells:

 Spells                   Type           Power      Damage    Failure   Level
 Vampiric Draining        Necr           23%        2d7       4%          3
 Slow                     Hex            16%        N/A       14%         1
 Scorch                   Fire           8%         2d5       21%         2
 Confusing Touch          Hex            4%         N/A       38%         3
 Ozocubu's Armour         Ice            4%         N/A       38%         3
 Sigil of Binding         Hex            4%         N/A       38%         3
 Curse of Agony           Necr           23%        N/A       41%         5
 Flame Wave               Conj/Fire      4%         2d5       80%         4
 Metabolic Englaciation   Hex/Ice        2%         N/A       98%         5
 Sculpt Simulacrum        Ice/Alch       2%         N/A       100%        6
 Summon Cactus Giant      Summ           2%         N/A       100%        6


Dungeon Overview and Level Annotations

Branches:
Dungeon (4/15)             Temple (1/1) D:4

Altars:
Ashenzari
Dithmenos
Fedhas
Gozag
Hepliaklqana
Kikubaaqudgha
Makhleb
Nemelex Xobeh
Okawaru
Qazlal
Ru
Sif Muna
Uskayaw
Vehumet
Wu Jian
Xom
Yredelemnul
Zin
The Shining One

Annotations:
D:4 Pikel


Innate Abilities, Weirdness & Mutations

You are too large for most types of armour.
You have a pair of small horns on your head.
You have tough skin. (AC +1)
You gain doubled healing and magic from potions.
Whenever you drink a healing potion, you attack all around you.
Armour fits poorly on your strangely shaped body.
You are frail. (-10% HP)
You occasionally lose the ability to drink potions when taking damage.
You passively dampen the noise of your surroundings.
You have hidden genetic defects.


Message History

Hepliaklqana welcomes you!
Unknown command.
Press < or > to pray at altars.
There is a staircase back to the Dungeon here.
You climb upwards.
Welcome back to the Dungeon!
Level annotation: Pikel Pikel hits you with a +0 whip of electrocution.
There is a staircase to the Ecumenical Temple, spattered with blood here.
Unknown command.
Unknown command.
Okay, then.
Okay, then.
Pikel says, "You'll freeze in Cocytus!"
Pikel says, "Asmodeus and me are pals.
He gave me this whip."
Pikel attacks as he pursues you! Pikel completely misses you.
Pikel attacks as he pursues you!
Pikel hits you with a +0 whip of electrocution.
Pikel attacks as he pursues you!
Pikel hits you with a +0 whip of electrocution!
Pikel hits you with a +0 whip of electrocution!
Pikel attacks as he pursues you!
Pikel hits you with a +0 whip of electrocution.
You are electrocuted!
* * * LOW HITPOINT WARNING * * *
Okay, then.
You take a swig of the potion and twirl your +1 whip of electrocution.
You barely miss Pikel. You headbutt Pikel.
Pikel is lightly wounded.
You savour every drop.
You feel better.
Pikel hits you with a +0 whip of electrocution!
* * * LOW HITPOINT WARNING * * *
You are electrocuted!
* * * LOW HITPOINT WARNING * * *
Unknown command.
You aren't carrying any items that you can evoke.
Okay, then.
You feel protected.
Pikel hits you with a +0 whip of electrocution!
You die...
Pikel says, "See you in Hell!"

##...## #.......#####...#.#......
#.Z#..###..........#...#.#.#.....
#.###.#...............#.#.#.#....
#.###.#...........5....#.>.#...##
..._#.##...........5..#.#.#.#).#
....#..'.......###.....#.#.#..##
..._#.##.....5.# #......#.#....##
#.###.#.......5###...............
#.###.#.......5K@....##......#...
#..#..#........###...###.........
##...##........##................
##)##...............<.......##..
#_#........................##..
###.........................#..
#..................#.........
##...................#..))#..
#................##.###.)...


You could see Pikel and 3 lemures.

Vanquished Creatures
  A phantom (D:4)
  A gnoll (D:1)
  4 adders
  A ribbon worm (D:3)
  A dart slug (D:2)
  5 orcs
  6 endoplasms
  4 goblins
  10 hobgoblins
  3 jackals (D:2)
  4 kobolds
  3 quokkas
  6 ball pythons
  6 bats
  6 frilled lizards
  5 rats (D:1)
66 creatures vanquished.

Vanquished Creatures (collateral kills)
  A goblin (D:4)
  A jackal (D:2)
  A rat (D:1)
3 creatures vanquished.

Vanquished Creatures (others)
  An orc wizard (D:4)
  A kobold zombie (D:4)
2 creatures vanquished.

Grand Total: 71 creatures vanquished

Notes
Turn   | Place    | Note
-------+----------+-------------------------------------------
     0 | D:1      | spaghetti the Oni Necromancer began the quest for the Orb.
     0 | D:1      | Reached XP level 1. HP: 16/16 MP: 3/3
   187 | D:1      | Reached XP level 2. HP: 24/24 MP: 1/6
   279 | D:1      | Reached skill level 4 in Necromancy
   801 | D:1      | Found a faded altar of an unknown god.
   918 | D:1      | Reached XP level 3. HP: 31/31 MP: 7/7
  1695 | D:2      | Reached XP level 4. HP: 39/39 MP: 9/9
  1724 | D:2      | Learned a level 4 spell: Animate Dead
  3184 | D:4      | Reached XP level 5. HP: 45/45 MP: 11/11
  3196 | D:4      | Gained mutation: You have hidden genetic defects. [potion
                  | of mutation]
  3196 | D:4      | Gained mutation: You occasionally lose the ability to drink
                  | potions when taking damage. [potion of mutation]
  3196 | D:4      | Gained mutation: Armour fits poorly on your strangely
                  | shaped body. [potion of mutation]
  3196 | D:4      | Gained mutation: You passively dampen the noise of your
                  | surroundings. [potion of mutation]
  3312 | D:4      | Found a staircase to the Ecumenical Temple.
  3390 | D:4      | Noticed a phantom
  3402 | D:4      | Killed a phantom
  3403 | D:4      | Reached skill level 5 in Necromancy
  3405 | D:4      | Gained mutation: You are frail. (-10% HP) [hidden defects]
  3520 | D:4      | Found an opulent altar of Gozag.
  3520 | D:4      | Found a broken altar of Ashenzari.
  3526 | D:4      | Found a blossoming altar of Fedhas.
  3528 | D:4      | Found a faded altar of an unknown god.
  3530 | D:4      | Found a stormy altar of Qazlal.
  3611 | D:4      | Noticed a lemure
  3613 | D:4      | Noticed Pikel
  3614 | D:4      | Noticed a lemure
  3615 | D:4      | Noticed a lemure
  3637 | D:4      | Noticed a lemure
  3640 | Temple   | Entered the Ecumenical Temple
  3697 | Temple   | Became a worshipper of Hepliaklqana the Forgotten
  3721 | D:4      | HP: 2/40 [Pikel/+0 whip of electrocution (10)]
  3722 | D:4      | Mangled by Pikel

Illustrated notes

Levels and vault maps discovered:
D:1:      dpeg_arrival_ratfight, layout_loops_corners,
          shapermc_ecumenical_altar_venn, serial_park_tiny_2, nicolae_the_louvre
D:2:      layout_basic, serial_forest, infiniplex_forest_lined_room_,
          infiniplex_forest_lined_3, infiniplex_forest_corner_2,
          infiniplex_forest_lined_4_way, infiniplex_forest_lined_room_2,
          infiniplex_forest_straight_2, infiniplex_forest_corner_1,
          dreamdust_mushroom_princess
D:3:      layout_loops_corners
D:4:      layout_rooms, chequers_temple_overflow_minitemple,
          minmay_temple_entry_grid, minmay_mini_ossuary, uniq_pikel
Temple:   hellmonk_temple_two_chambers

Skill      XL: |  1  2  3  4  5 |
---------------+----------------+-----
Spellcasting   | 3 4 |  4.9
Necromancy     | 4 5 |  5.1
Dodging        | |  1.7
Stealth        | |  1.4

Action                     |  1- 3 |  4- 6 || total
---------------------------+-------+-------++-------
  Melee: Unarmed           |     6 |       ||     6
         Headbutt          |     2 |     3 ||     5
         Whip              |       |    10 ||    10
   Cast: Necrotise         |    63 |    78 ||   141
         Animate Dead      |       |     1 ||     1
    Use: Scroll            |       |     4 ||     4
         Potion            |       |     5 ||     5
 Armour: Robe              |    24 |    39 ||    63
  Dodge: Dodged            |    12 |    17 ||    29
